 Dungeon Crawl Stone Soup version 0.22-a0-303-g4a852b3 (webtiles) character file.

98 grindst0ne the Skirmisher (level 4, -5/35 HPs)
             Began as a Mummy Fighter on Mar 27, 2018.
             Slain by Natasha (8 damage)
             ... on level 2 of the Dungeon.
             The game lasted 00:01:40 (1273 turns).

grindst0ne the Skirmisher (Mummy Fighter)           Turns: 1273, Time: 00:01:40

Health: -5/35      AC:  6    Str: 20    XL:     4   Next: 44%
Magic:  4/4        EV:  7    Int:  7    God:
Gold:   161        SH:  9    Dex: 11    Spells: 3/3 levels left

rFire    x . .     SeeInvis .   a - +0 war axe
rCold    + . .     Gourm    .   c - +0 shield
rNeg     + + +     Faith    .   b - +0 scale mail
rPois    ∞         Spirit   .   (no helmet)
rElec    .         Reflect  .   (no cloak)
rCorr    .         Harm     .   (no gloves)
MR       .....                  (no boots)
Stlth    ..........             (no amulet)
HPRegen  0.11/turn              (no ring)
MPRegen  0.09/turn              (no ring)

@: slowed, very slow
A: no food or potions, fire vulnerability, cold resistance 1, negative energy
resistance 3, torment resistance, unbreathing
a: no special abilities


You were on level 2 of the Dungeon.
You were not hungry.

You visited 1 branch of the dungeon, and saw 2 of its levels.

You collected 161 gold pieces.

Inventory:

Hand Weapons
 a - a +0 war axe (weapon)
Armour
 b - a +0 scale mail (worn)
 c - a +0 shield (worn)
Scrolls
 d - 2 scrolls of immolation {unknown}
 e - a scroll of enchant armour {unknown}
 f - 2 scrolls of remove curse {unknown}
 g - a scroll of teleportation {unknown}


   Skills:
 + Level 3.5 Fighting
 + Level 2.5 Axes
 + Level 2.8 Armour
 + Level 0.9 Dodging
 + Level 2.9 Shields


You had 3 spell levels left.
You didn't know any spells.

Dungeon Overview and Level Annotations

Branches:
Dungeon (2/15)

Altars:
Cheibriados

Annotations:
D:2 1 runed door, Natasha


Innate Abilities, Weirdness & Mutations

You do not eat or drink.
Your flesh is vulnerable to fire.
You are immune to poison.
Your flesh is cold resistant. (rC+)
You are immune to negative energy. (rN+++)
You are immune to unholy pain and torment.
You can survive without breathing.


Message History

Natasha casts a spell at you. The magic dart hits you! Natasha claws you!
You hit Natasha.
Natasha is heavily wounded.
Natasha claws you. x2
You closely miss Natasha.
Natasha is heavily wounded.
The crimson imp disappears in a puff of smoke!
Natasha claws you.
* * * LOW HITPOINT WARNING * * *
You block Natasha's attack.
You slash Natasha!
Natasha is almost dead.
Natasha claws you.
* * * LOW HITPOINT WARNING * * *
You block Natasha's attack.
You barely miss Natasha.
Natasha is almost dead.
Natasha claws you!
You die...

..........#########.....
........................
..........#########.....
..........# ######.....
).........# #..........
..........# #..........
#######5### #..........
#h# #.....##.## #@#
#.....##..# #)#
####.#..... #.# ######..
#.# #... #.# #PP. #>.
##.P ... ##. .(. ## #.


You could see Natasha and a white imp.

Vanquished Creatures
  Jessica (D:2)
  An adder (D:2)
  An ooze (D:1)
  A worm (D:2)
  A dart slug (D:1)
  A leopard gecko (D:2)
  A ball python (D:1)
  6 bats
  9 giant cockroaches
  5 goblins
  4 hobgoblins
  6 jackals
  2 kobolds (D:2)
  2 frilled lizards (D:1)
  8 rats
  A fungus (D:1)
50 creatures vanquished.

Vanquished Creatures (others)
  A fungus (D:1)
1 creature vanquished.

Grand Total: 51 creatures vanquished

Notes
Turn   | Place    | Note
-------+----------+-------------------------------------------
     0 | D:1      | grindst0ne the Mummy Fighter began the quest for the Orb.
     0 | D:1      | Reached XP level 1. HP: 18/18 MP: 1/1
     0 | D:1      | Noticed a large abomination
     1 | D:1      | Noticed a large abomination
     3 | D:1      | Noticed a shadow dragon
     6 | D:1      | Noticed an iron dragon
    10 | D:1      | Noticed a red draconian
    10 | D:1      | Noticed a shadow dragon
    13 | D:1      | Noticed a black draconian
    14 | D:1      | Noticed a large abomination
    16 | D:1      | Noticed an orb of fire
    16 | D:1      | Noticed a red draconian
    16 | D:1      | Noticed an ice dragon
    20 | D:1      | Noticed an orb of fire
    74 | D:1      | Reached XP level 2. HP: 23/24 MP: 2/2
   355 | D:1      | Reached XP level 3. HP: 18/29 MP: 3/3
   784 | D:2      | Noticed Jessica
   816 | D:2      | Killed Jessica
   816 | D:2      | Reached XP level 4. HP: 15/35 MP: 4/4
  1175 | D:2      | Found a snail-covered altar of Cheibriados.
  1224 | D:2      | Found a runed door.
  1254 | D:2      | Noticed Natasha
  1273 | D:2      | Slain by Natasha

Vault maps used:
D:1:      shiori_arrival_whats_in_store_for_you, corexii_leaking_fountain,
          minmay_gold_behind_fungi, minmay_statues_item
D:2:      lemuel_blue_sif_altar, cheibriados_altar_1, uniq_natasha,
          uniq_jessica, uniq_crazy_yiuf_cottage

Skill      XL: |  1  2 |
---------------+-------+-----
Axes           | 2 |  2.5
Fighting       | |  3.5
Armour         | |  2.8
Dodging        | |  0.9
Shields        | |  2.9

Action                   |  1- 3 |  4- 6 || total
-------------------------+-------+-------++-------
Melee: War axe           |   128 |    59 ||   187
Armor: Scale mail        |    66 |    25 ||    91
Dodge: Dodged            |    47 |    25 ||    72
Block: Shield            |    76 |    39 ||   115

Table legend:
 A = Spawn XP
 B = Non-spawn XP
 C = Spawn XP percentage of total XP
 D = Spawn monster count
 E = Non-spawn monster count
 F = Spawn count percentage of total count
 G = Total turns spent on level
                    A         B        C        D         E        F      G
               +---------+---------+-------+---------+---------+-------+---------
         Total |       0 |     141 |   0.0 |       0 |      49 |   0.0 |  1273
               +---------+---------+-------+---------+---------+-------+---------
           D:1 |       0 |      58 |   0.0 |       0 |      31 |   0.0 |   725
           D:2 |       0 |      83 |   0.0 |       0 |      18 |   0.0 |   548
               +---------+---------+-------+---------+---------+-------+---------
